 Dungeon Crawl Stone Soup version 0.30.1-11-g7821555f0a (webtiles) character file.

Game seed: 1744684176085173996

251962 monsoonserge the Hoplite (level 20, -1/160 HPs)
             Began as a Merfolk Monk on Nov 1, 2023.
             Was the Champion of Nemelex Xobeh.
             Slain by an ancient lich (2 damage)
             ... on level 4 of the Abyss.
             The game lasted 03:58:33 (48899 turns).

monsoonserge the Hoplite (Merfolk Monk)            Turns: 48899, Time: 03:58:33

Health: -1/160     AC: 19    Str: 14      XL:     20   Next: 11%
Magic:  28/28      EV: 15    Int:  6 (9)  God:    Nemelex Xobeh [******]
Gold:   2151       SH: 31    Dex: 22 (24) Spells: 19/19 levels left

rFire   + . .        a - +2 scimitar (flame)
rCold   + . .        B - +2 tower shield
rNeg    + + +        Z - +3 scale mail of Going Fast {-Cast rElec rN+++ Int-4}
rPois   +            f - +2 hat {Int+3}
rElec   +            i - +0 cloak of Polytheism {rF+}
rCorr   +            w - +0 pair of gloves {hurl}
SInv    .            Y - +2 pair of boots
Will    +....        J - amulet of reflection
Stlth   +++          O - ring of poison resistance
HPRegen 0.46/turn    d - ring of Zumn {rElec rC+ rCorr AC+4 Str+2}
MPRegen 0.21/turn

%: no spellcasting, reflection
@: about to teleport, corroded, hasted and slowed, constricted
A: (nimble swimmer 2), mertail
}: 1/15 runes: barnacled
a: Renounce Religion, Draw Escape, Draw Destruction, Draw Summoning, Draw Stack,
Triple Draw, Deal Four, Stack Five


You were on level 4 of the Abyss.
You worshipped Nemelex Xobeh.
Nemelex Xobeh was exalted by your worship.
You visited 9 branches of the dungeon, and saw 35 of its levels.
You visited the Abyss 3 times.
You also visited: Ossuary, Bailey, Gauntlet and Volcano.

You collected 4646 gold pieces.
You spent 2495 gold pieces at shops.

Inventory:

Hand Weapons
 a - a +2 scimitar of flaming (weapon)
Missiles
 o - 3 throwing nets
 s - 10 javelins (quivered)
 E - 13 silver javelins
 N - 4 atropa-tipped darts
 P - 3 curare-tipped darts
 Q - 6 silver boomerangs
Armour
 f - a +2 hat of intelligence (worn)
 i - the +0 cloak of Polytheism (worn) {rF+}
   (You found it in a Gauntlet)

   rF:        It protects you from fire.
 w - a +0 pair of gloves of hurling (worn)
 B - a +2 tower shield (worn)
 Y - a +2 pair of boots (worn)
 Z - the +3 scale mail of Going Fast (worn) {-Cast rElec rN+++ Int-4}
   (You bought it in a shop on level 2 of the Orcish Mines)

   Int:       It affects your intelligence (-4).
   rElec:     It insulates you from electricity.
   rN:        It renders you almost immune to negative energy.
   -Cast:     It prevents spellcasting.
Jewellery
 d - the ring of Zumn (right hand) {rElec rC+ rCorr AC+4 Str+2}
   (You found it on level 2 of the Dungeon)

   [ring of protection]

   AC:        It affects your AC (+4).
   Str:       It affects your strength (+2).
   rC:        It protects you from cold.
   rElec:     It insulates you from electricity.
   rCorr:     It protects you from acid and corrosion.
 g - a ring of protection from fire
 l - a +6 ring of dexterity
 t - a ring of flight
 J - an amulet of reflection (around neck)
 M - a ring of positive energy
 O - a ring of poison resistance (left hand)
Wands
 u - a wand of polymorph (13)
 x - a wand of iceblast (17)
 y - a wand of quicksilver (9)
 G - a wand of paralysis (36)
 I - a wand of digging (5)
Scrolls
 e - 2 scrolls of brand weapon
 h - 3 scrolls of magic mapping
 p - 10 scrolls of immolation
 v - 2 scrolls of enchant armour
 A - 8 scrolls of fear
 D - 9 scrolls of enchant weapon
 F - 9 scrolls of poison
 H - 2 scrolls of butterflies
 U - a scroll of silence
 W - 4 scrolls of fog
Potions
 c - 2 potions of ambrosia
 j - 7 potions of might
 n - 9 potions of lignification
 r - a potion of heal wounds
 z - 2 potions of berserk rage
 L - 15 potions of curing
 R - 6 potions of haste
 S - a potion of cancellation
 T - 4 potions of invisibility
 V - 11 potions of mutation
 X - 4 potions of flight
Miscellaneous
 b - a lightning rod (4/4)
 m - a condenser vane
 q - a phial of floods
 C - a box of beasts
 K - a phantom mirror


   Skills:
 + Level 14.6 Fighting
 - Level 7.2(11.3) Short Blades
 + Level 13.5(14.2) Long Blades
 + Level 6.4 Throwing
 + Level 8.4 Armour
 + Level 15.3 Dodging
 + Level 10.0 Stealth
 + Level 21.5 Shields
 + Level 11.1 Invocations
 + Level 9.3 Evocations


You had 19 spell levels left.
You didn't know any spells.
Your spell library contained the following spells:

 Spells                   Type           Power      Damage    Failure   Level
 Apportation              Tloc           0%         N/A       97%         1
 Beastly Appendage        Tmut           0%         N/A       97%         1
 Foxfire                  Conj/Fire      0%         2x1d4     97%         1
 Magic Dart               Conj           0%         1d3       97%         1
 Necrotise                Necr           0%         1d4       97%         1
 Slow                     Hex            0%         N/A       97%         1
 Summon Small Mammal      Summ           0%         N/A       97%         1
 Call Imp                 Summ           0%         N/A       99%         2
 Cigotuvi's Dreadful Rot  Necr/Pois/Air  0%         N/A       99%         2
 Lesser Beckoning         Tloc           0%         N/A       99%         2
 Sublimation of Blood     Necr           0%         N/A       99%         2
 Wereblood                Tmut           0%         N/A       99%         2
 Call Canine Familiar     Summ           0%         N/A       100%        3
 Confusing Touch          Hex            0%         N/A       100%        3
 Gell's Gravitas          Tloc           0%         N/A       100%        3
 Hailstorm                Conj/Ice       0%         3d3       100%        3
 Mephitic Cloud           Conj/Pois/Air  0%         N/A       100%        3
 Portal Projectile        Hex/Tloc       0%         N/A       100%        3
 Teleport Other           Tloc           0%         N/A       100%        3
 Vampiric Draining        Necr           0%         2d6       100%        3
 Vhi's Electric Charge    Tloc/Air       0%         N/A       100%        3
 Animate Armour           Summ/Erth      0%         N/A       100%        4
 Animate Dead             Necr           0%         N/A       100%        4
 Dispel Undead            Necr           0%         3d6       100%        4
 Ice Form                 Ice/Tmut       0%         N/A       100%        4
 Leda's Liquefaction      Hex/Erth       0%         N/A       100%        4
 Manifold Assault         Tloc           0%         N/A       100%        4
 Petrify                  Tmut/Erth      0%         N/A       100%        4
 Alistair's Intoxication  Tmut/Pois      0%         N/A       100%        5
 Arcjolt                  Conj/Air       0%         1d10      100%        5
 Blade Hands              Tmut           0%         N/A       100%        5
 Fireball                 Conj/Fire      0%         3d3       100%        5
 Irradiate                Conj/Tmut      0%         3d11      100%        5
 Metabolic Englaciation   Hex/Ice        0%         N/A       100%        5
 Death Channel            Necr           0%         N/A       100%        6
 Dispersal                Tloc           0%         N/A       100%        6
 Iron Shot                Conj/Erth      0%         9d1       100%        6
 Plasma Beam              Fire/Air       0%         2x1d11    100%        6
 Simulacrum               Ice/Necr       0%         N/A       100%        6
 Starburst                Conj/Fire      0%         6d3       100%        6
 Statue Form              Tmut/Erth      0%         N/A       100%        6
 Dragon Form              Tmut           0%         N/A       100%        7
 Haunt                    Necr/Summ      0%         N/A       100%        7
 Malign Gateway           Summ/Tloc      0%         N/A       100%        7
 Summon Hydra             Summ           0%         N/A       100%        7
 Disjunction              Tloc           0%         N/A       100%        8
 Infestation              Necr           0%         N/A       100%        8
 Maxwell's Capacitive Co  Air            0%         ∞         100%        8


Dungeon Overview and Level Annotations

Branches:
Dungeon (15/15)            Temple (1/1) D:7            Lair (5/5) D:11
 Shoals (4/4) Lair:2       Spider (1/4) Lair:3        Slime (2/5) Lair:5
    Orc (2/2) D:10            Elf (3/3) Orc:2        Vaults (2/5) D:13
 Depths (0/4) D:15        Ossuary (visited)          Bailey (visited)
Volcano (visited)         Gauntlet (visited)
  Crypt: Vaults:2-3

Altars:
Ashenzari
Cheibriados
Dithmenos
Elyvilon
Fedhas
Gozag
Hepliaklqana
Kikubaaqudgha
Makhleb
Nemelex Xobeh
Okawaru
Qazlal
Ru
Sif Muna
Trog
Uskayaw
Vehumet
Wu Jian
Xom
Yredelemnul
Zin
The Shining One
Jiyva

Shops:
D:11 =   D:13 *   Orc:2 [[[*   Elf:2 :   Shoals:1 [   Shoals:2 ((
Shoals:3 !(*   Shoals:4 =   Vaults:2 (

Portals:
Hell: Lair:5

Annotations:
D:14 Rem's ghost, journeyman OpCj
Elf:2 3 runed translucent doors
Vaults:2 Mara


Innate Abilities, Weirdness & Mutations

((You are very nimble when in or above water. (Stealth+, EV+, Speed+++)))
Your lower body shifts to a powerful aquatic tail in water.


Message History

The ancient lich touches you but does no damage.
A lich comes into view.
Unknown command.
Unknown command.
You slice the tentacled monstrosity!! You burn the tentacled monstrosity.
The tentacled monstrosity is moderately wounded.
You hear a shout!
The golden dragon simulacrum is no longer moving slowly.
The ancient lich points at you and mumbles some strange words.
The bolt of acid hits you!! You resist.
* * * LOW HITPOINT WARNING * * *
The acid corrodes you!
The bolt of acid hits your centaur warrior!!!
The acid corrodes your centaur warrior!
Your centaur warrior dies!
Your centaur warrior's corpse disappears in a puff of smoke!
You block the tentacled monstrosity's attack. x3
The tentacled monstrosity constricts you.
* * * LOW HITPOINT WARNING * * *
You block the ogre mage's attack.
You hear a shout!
You block the ancient lich's attack.
The tentacled monstrosity tentacle-slaps you!
* * * LOW HITPOINT WARNING * * *
The tentacled monstrosity tentacle-slaps you.
* * * LOW HITPOINT WARNING * * *
The tentacled monstrosity closely misses you.
The tentacled monstrosity constricts you!
* * * LOW HITPOINT WARNING * * *
You feel yourself speed up. The ancient lich casts a spell at you.
The bolt of acid hits you! You resist.
* * * LOW HITPOINT WARNING * * *
The ogre mage hits you but does no damage.
You block the tentacled monstrosity's attack. x3
The tentacled monstrosity constricts you.
* * * LOW HITPOINT WARNING * * *
The ancient lich touches you.
You die...
Your body glows with a rainbow of weird colours and disappears.

## # #.#.. .
.#... #...# #.
#....###....#..#
. ...... #...#.#
..#.##∩.⌠⌠#
##.#.....DL#''##
##.#
..#.R.DO...##
##..##
.#.X#LL4...# .
.. # .#@## . # #
#..°#†..# O.§ .
# # °.#..⌠##
.§§. . ..
.####.⌠# .§. .#
#. ### .. #. ##
. . ..#. .. . .


You could see a tentacled monstrosity, an ancient lich (fast), a fire dragon, 2
liches, a rakshasa, an ogre mage (fast, strong, slow) and a chaos spawn
(berserk, strong, slow).

Vanquished Creatures
  Mlioglotl (Spider:1)
  Asterion (Spider:1)
  A deep elf blademaster (Elf:2)
  A tentacled starspawn (Abyss:4)
  5 acid blobs
  Gastronok (D:11)
  Frances (Elf:1)
  A rockslime (Slime:1)
  2 azure jellies (Slime:1)
  Donald (Vaults:1)
  4 deep elf sorcerers
  A vault warden (Vaults:1)
  A deep elf elementalist (Elf:2)
  3 ironbound preservers
  A very ugly thing (Abyss:4)
  A stone giant (D:15)
  2 quicksilver oozes
  Nessos (Orc:2)
  A deep elf demonologist (Elf:2)
  3 eleionomae
  5 dire elephants (Vaults:1)
  4 deep elf annihilators
  A minotaur (Gauntlet)
  2 ettins
  6 merfolk impalers
  3 yaktaur captains
  3 deep elf death magi
  A deep elf high priest (Elf:3)
  6 great orbs of eyes
  Josephine (Orc:1)
  A fire dragon (Abyss:4)
  An entropy weaver (Spider:1)
  3 hydras
  13 centaur warriors
  A catoblepas (Lair:4)
  3 ironbound frosthearts (Vaults:1)
  An alligator (Shoals:4)
  12 dancing weapons
  5 two-headed ogres
  A merfolk aquamancer (Shoals:4)
  3 merfolk avatars (Shoals:4)
  A death yak (Lair:4)
  A naga warrior (Elf:2)
  An alligator snapping turtle (Shoals:1)
  3 boulder beetles
  A tengu warrior (D:15)
  5 satyrs
  6 thrashing horrors
  3 hell hogs
  6 orc high priests
  A titan zombie (D:14)
  A soul eater (Gauntlet)
  5 deep elf knights
  Sonja (Lair:5)
  3 wretched stars (Abyss:3)
  6 skysharks
  3 pharaoh ants
  14 sea snakes
  A salamander mystic (Volcano)
  A sun moth (Spider:1)
  A death drake (Shoals:1)
  A sixfirhy (Lair:5)
  8 deep trolls
  12 deep elf archers
  4 ironbound convokers (Vaults:1)
  3 wizards
  A harpy (shapeshifter) (D:15)
  A steelbarb worm (Spider:1)
  5 lindwurms
  4 harpies
  20 deep elf pyromancers
  20 deep elf zephyrmancers
  8 orc knights
  8 ugly things
  An orc sorcerer (Orc:2)
  5 wolf spiders (Spider:1)
  10 cyclopes
  8 fauns
  15 manticores
  4 salamanders (Volcano)
  A worldbinder (Gauntlet)
  A shining eye (Slime:1)
  11 large abominations
  2 apocalypse crabs
  11 elephants
  2 moths of wrath
  3 vault sentinels (Vaults:1)
  6 water nymphs
  2 demonic crawlers (Spider:1)
  A molten gargoyle (Volcano)
  12 merfolk sirens
  A gargoyle (D:11)
  4 black mambas
  3 smoke demons
  An orange demon (Lair:5)
  14 cane toads
  4 eyes of devastation
  15 komodo dragons
  5 unseen horrors (Elf:1)
  2 torpor snails (Elf:1)
  A yaktaur (shapeshifter) (Elf:1)
  6 rime drakes
  2 ice devils (Lair:5)
  2 kobold demonologists
  7 yaktaurs
  4 tengu conjurers
  7 trolls
  2 ancient zymes
  2 red devils (Lair:5)
  30 merfolk
  A hornet (D:9)
  5 wind drakes
  A wolf spider simulacrum (Gauntlet)
  Prince Ribbit (D:7)
  7 tarantellas
  4 raiju
  7 dream sheep
  7 snapping turtles
  7 blink frogs
  Sigmund (D:2)
  4 air elementals
  2 centaur simulacra (Gauntlet)
  22 slime creatures
  7 jumping spiders
  10 culicivoras (Spider:1)
  A jumping spider (shapeshifter) (D:13)
  A shadow (D:9)
  A spriggan (shapeshifter) (D:14)
  3 flying skulls (Abyss:4)
  7 water elementals
  6 wyverns
  7 wraiths
  8 yaks
  5 fire bats
  5 fire elementals
  12 redbacks (Spider:1)
  2 chaos spawn (Abyss:4)
  4 basilisks
  2 golden eyes (Slime:1)
  A human (D:10)
  2 steam dragons
  2 vampire mosquitoes (D:14)
  Menkaure (D:7)
  5 wargs
  A redback simulacrum (Gauntlet)
  A harpy simulacrum (Gauntlet)
  5 acid dragons
  5 hell hounds
  14 water moccasins
  24 orc warriors
  A swamp drake (Abyss:4)
  2 black bears
  A hornet zombie (Ossuary)
  An ice beast (D:7)
  A black bear (shapeshifter) (D:14)
  5 ogres
  A tengu (shapeshifter) (Abyss:3)
  6 boggarts
  13 wolves
  8 centaurs
  3 phantoms
  9 starcursed masses
  10 small abominations
  A kobold brigand (D:10)
  7 bullfrogs
  3 gnoll sergeants
  An earth elemental (Elf:1)
  A wyvern zombie (Ossuary)
  2 scorpions
  3 water moccasin zombies (Ossuary)
  6 wights
  10 killer bees
  An electric eel (Lair:2)
  4 howler monkeys
  3 centaur zombies (Ossuary)
  2 lava snakes (Volcano)
  4 bullfrog zombies (Ossuary)
  19 orc priests
  A gnoll bouda (Orc:1)
  5 hounds
  2 sleepcaps
  10 iguanas
  22 orc wizards
  2 killer bee zombies (Ossuary)
  17 mummies (Ossuary)
  3 howler monkey zombies (Ossuary)
  Robin (D:2)
  27 gnolls
  10 adders
  4 shadow imps
  An ufetubus (D:4)
  3 worms
  6 dart slugs
  71 orcs
  5 bats
  5 endoplasms
  6 giant cockroaches
  15 goblins
  7 hobgoblins
  11 jackals
  A quokka (D:2)
  5 ball pythons
  3 frilled lizards
  22 kobolds
  A rat (D:1)
1080 creatures vanquished.

Vanquished Creatures (collateral kills)
  Xtahua (Vaults:1)
  An acid blob (Slime:2)
  2 azure jellies
  A rockslime (Slime:1)
  A vault warden (Vaults:1)
  An orc warlord (Vaults:1)
  A ghost moth (Spider:1)
  Azrael (Orc:2)
  A dire elephant (Shoals:3)
  A merfolk javelineer (Shoals:4)
  4 merfolk impalers
  A rakshasa (Abyss:4)
  A death knight (D:14)
  A hydra (Lair:1)
  A merfolk aquamancer (Shoals:4)
  2 hell hogs
  A thrashing horror (Abyss:4)
  4 death yaks (Lair:5)
  A hell knight (Volcano)
  A shadow wraith (D:14)
  A wretched star (Abyss:4)
  A soul eater (Abyss:4)
  A skyshark (Shoals:3)
  A phantasmal warrior (D:14)
  An orc knight (Orc:2)
  A worldbinder (Abyss:4)
  3 elephants (Lair:1)
  4 slime creatures (Slime:2)
  A guardian serpent (Abyss:4)
  A water nymph (Shoals:4)
  A molten gargoyle (Volcano)
  A yaktaur (Vaults:1)
  A starcursed mass (Abyss:4)
  2 ancient zymes (Abyss:4)
  A polar bear (Shoals:3)
  A merfolk (Shoals:2)
  2 raiju (Abyss:4)
  A large abomination (Abyss:4)
  A dream sheep (Shoals:3)
  A golden eye (Abyss:3)
  A redback (Spider:1)
  A vampire mosquito (D:14)
  A neqoxec (Abyss:3)
  2 hell hounds (Lair:5)
  5 orc warriors (Orc:2)
  A bullfrog (Lair:1)
  6 orc priests (Orc:2)
  3 orcs (Orc:2)
75 creatures vanquished.

Vanquished Creatures (others)
  A lich (Abyss:4)
  3 deep elf knights
  A thrashing horror (Abyss:4)
  3 deep elf pyromancers
  A deep elf zephyrmancer (Elf:1)
  A tarantella (Spider:1)
  A jumping spider (Spider:1)
  A water elemental (Elf:2)
  A fire bat (Abyss:4)
  A boggart (Vaults:1)
  A kobold brigand (D:9)
  A small abomination (Abyss:4)
  An ufetubus (Abyss:3)
  4 starspawn tentacles (Abyss:4)
21 creatures vanquished.

Grand Total: 1176 creatures vanquished

Notes
Turn   | Place    | Note
-------+----------+-------------------------------------------
     0 | D:1      | monsoonserge the Merfolk Monk began the quest for the Orb.
     0 | D:1      | Reached XP level 1. HP: 18/18 MP: 1/1
   112 | D:1      | Reached XP level 2. HP: 24/24 MP: 2/2
   256 | D:1      | Reached XP level 3. HP: 30/30 MP: 3/3
   525 | D:2      | Noticed Sigmund
   572 | D:2      | Identified the ring of Zumn {rElec rC+ rCorr AC+4 Str+2}
   586 | D:2      | Noticed an ogre
   726 | D:2      | Killed an ogre
   727 | D:2      | Reached skill level 5 in Dodging
   727 | D:2      | Reached skill level 1 in Stealth
   727 | D:2      | Reached XP level 4. HP: 37/37 MP: 4/4
   727 | D:2      | Reached XP level 5. HP: 42/42 MP: 5/5
   842 | D:2      | Identified the +2 cloak of Tempters {Stlth+}
   955 | D:2      | Reached skill level 5 in Long Blades
  1077 | D:2      | Noticed Robin
  1267 | D:2      | Found a glowing golden altar of the Shining One.
  1755 | D:4      | Noticed an ogre
  1760 | D:4      | Killed an ogre
  1761 | D:4      | Reached skill level 1 in Armour
  1761 | D:4      | Reached skill level 1 in Shields
  1761 | D:4      | Reached XP level 6. HP: 26/49 MP: 6/6
  1887 | D:4      | Found a hazy altar of Hepliaklqana.
  1900 | D:4      | Noticed a black bear
  1915 | D:4      | Killed a black bear
  1916 | D:4      | Reached XP level 7. HP: 55/55 MP: 7/7
  2007 | D:4      | Reached skill level 2 in Shields
  2424 | D:5      | Entered Level 5 of the Dungeon
  2870 | D:5      | Reached XP level 8. HP: 61/61 MP: 8/8
  2904 | D:5      | Reached skill level 5 in Fighting
  2904 | D:5      | Reached skill level 3 in Shields
  3291 | D:5      | Reached skill level 4 in Shields
  3821 | D:6      | Reached skill level 5 in Shields
  3879 | D:6      | Found a blossoming altar of Fedhas.
  3931 | D:6      | Found a hide-covered altar of Uskayaw.
  3931 | D:6      | Found a burning altar of Makhleb.
  4846 | D:7      | Noticed Prince Ribbit
  4857 | D:7      | Reached XP level 9. HP: 68/68 MP: 9/9
  4895 | D:7      | Killed Prince Ribbit
  4896 | D:7      | Reached skill level 6 in Shields
  5025 | D:7      | Found a flagged portal.
  5052 | Bailey   | Entered a bailey
  5304 | Bailey   | Noticed an orc knight
  5321 | Bailey   | Killed an orc knight
  5322 | Bailey   | Reached skill level 5 in Stealth
  5832 | D:7      | Reached skill level 7 in Shields
  5952 | D:7      | Noticed Menkaure
  5961 | D:7      | Killed Menkaure
  6018 | D:7      | Found a staircase to the Ecumenical Temple.
  6024 | Temple   | Entered the Ecumenical Temple
  6226 | Temple   | Became a worshipper of Nemelex Xobeh the Trickster
  6226 | Temple   | Reached * piety under Nemelex Xobeh
  6226 | Temple   | Received a gift from Nemelex Xobeh
  6226 | Temple   | Received a gift from Nemelex Xobeh
  6226 | Temple   | Reached ** piety under Nemelex Xobeh
  6458 | D:8      | Found a sand-covered staircase.
  6469 | Ossuary  | Entered an ossuary
  6580 | Ossuary  | Reached XP level 10. HP: 76/76 MP: 10/10
  6609 | Ossuary  | Reached skill level 1 in Invocations
  6755 | Ossuary  | Reached skill level 8 in Shields
  6916 | D:8      | Received a gift from Nemelex Xobeh
  7081 | D:8      | Found a sacrificial altar of Ru.
  7158 | D:8      | Reached skill level 10 in Long Blades
  7542 | D:8      | Reached *** piety under Nemelex Xobeh
  7764 | D:9      | Found a large runed translucent door.
  7771 | D:9      | Found a large runed translucent door.
  7771 | D:9      | Noticed a manticore
  7861 | D:9      | Noticed a two-headed ogre
  7882 | D:9      | Killed a two-headed ogre
  7883 | D:9      | Reached skill level 1 in Throwing
  7883 | D:9      | Reached skill level 9 in Shields
  7909 | D:9      | Noticed a two-headed ogre
  7923 | D:9      | Killed a two-headed ogre
  8021 | D:9      | Paralysed by a hornet for 1 turns
  8042 | D:9      | Received a gift from Nemelex Xobeh
  8077 | D:9      | Reached XP level 11. HP: 49/81 MP: 14/14
  8189 | D:9      | Identified the +6 whip of Juttopp {protect, rPois rF+++
                  | Dex-2 SInv}
  8354 | D:9      | Found a large runed translucent door.
  8355 | D:9      | Found a large runed translucent door.
  8384 | D:9      | Found an ornate altar of the Wu Jian Council.
  8392 | D:9      | Identified the +3 ring mail of the Brewing Gods {rElec}
  8432 | D:9      | Received a gift from Nemelex Xobeh
  8756 | D:9      | Noticed a deep elf pyromancer
  8760 | D:9      | Reached skill level 5 in Invocations
  8782 | D:9      | Killed a deep elf pyromancer
  8783 | D:9      | Reached skill level 10 in Shields
  9117 | D:2      | Killed Robin
  9136 | D:2      | Killed Sigmund
  9460 | D:10     | Entered Level 10 of the Dungeon
  9484 | D:10     | Identified the +7 hand axe of Karma {heavy, rN+ Str+2}
  9496 | D:10     | Found a staircase to the Orcish Mines.
  9530 | D:10     | Reached skill level 1 in Short Blades
 10266 | D:10     | Received a gift from Nemelex Xobeh
 10401 | D:10     | Reached **** piety under Nemelex Xobeh
 10467 | D:11     | Noticed Gastronok
 10511 | D:11     | Killed Gastronok
 10698 | D:11     | Reached skill level 5 in Short Blades
 10707 | D:11     | Noticed a two-headed ogre
 10713 | D:11     | Killed a two-headed ogre
 10819 | D:11     | Found a staircase to the Lair.
 10955 | D:11     | Found Jeetiell's Jewellery Boutique.
 11117 | D:11     | Noticed a wizard
 11144 | D:11     | Killed a wizard
 11145 | D:11     | Reached XP level 12. HP: 81/89 MP: 5/16
 11188 | D:11     | Reached skill level 11 in Shields
 11317 | D:11     | Identified the staff of earth "Soreill" {*Corrode MP+9
                  | Stlth+}
 11442 | D:11     | Received a gift from Nemelex Xobeh
 11699 | D:12     | Identified the +4 sling of Plague {drain, rC+}
 11957 | D:12     | Received a gift from Nemelex Xobeh
 12425 | Lair:1   | Entered Level 1 of the Lair of Beasts
 12577 | Lair:1   | Reached skill level 12 in Shields
 13023 | Lair:1   | Received a gift from Nemelex Xobeh
 13079 | Lair:1   | Reached XP level 13. HP: 96/96 MP: 6/19
 13202 | Lair:1   | Reached ***** piety under Nemelex Xobeh
 13705 | Lair:1   | Reached skill level 13 in Shields
 13862 | Lair:2   | Received a gift from Nemelex Xobeh
 14128 | Lair:2   | Found a staircase to the Shoals.
 14234 | Lair:2   | Received a gift from Nemelex Xobeh
 14738 | Lair:3   | Received a gift from Nemelex Xobeh
 14802 | Lair:3   | Noticed Rupert
 14806 | Lair:3   | Paralysed by Rupert for 5 turns
 14817 | Lair:3   | Rupert changed into Rupert the eleionoma
 14817 | Lair:3   | Noticed Rupert
 14824 | Lair:3   | Killed Rupert the eleionoma
 14825 | Lair:3   | Reached skill level 10 in Dodging
 15099 | Lair:3   | Received a gift from Nemelex Xobeh
 15115 | Lair:3   | Found a dark tunnel.
 15125 | Volcano  | Entered a volcano
 15571 | Volcano  | Found a radiant altar of Vehumet.
 16160 | Lair:3   | Found a hole to the Spider Nest.
 16241 | Lair:3   | Reached skill level 14 in Shields
 16469 | Lair:3   | Reached skill level 10 in Invocations
 16658 | Lair:3   | Received a gift from Nemelex Xobeh
 17012 | Spider:1 | Entered Level 1 of the Spider Nest
 17103 | Lair:4   | Reached XP level 14. HP: 104/104 MP: 21/21
 17843 | Lair:4   | Identified the +4 scale mail "Vaosuo" {Harm Str+3}
 18205 | Lair:5   | Entered Level 5 of the Lair of Beasts
 18205 | Lair:5   | Found a staircase to the Slime Pits.
 18205 | Lair:5   | Found a viscous altar of Jiyva.
 18212 | Lair:5   | Received a gift from Nemelex Xobeh
 18519 | Lair:5   | Noticed Sonja
 18558 | Lair:5   | Killed Sonja
 18561 | Lair:5   | Acquired 908 gold pieces
 18745 | Lair:5   | Received a gift from Nemelex Xobeh
 19235 | Lair:5   | Reached ****** piety under Nemelex Xobeh
 19291 | Lair:5   | Reached skill level 15 in Shields
 19298 | Lair:5   | Found a burning altar of Makhleb.
 19347 | Lair:5   | Identified the +0 quarterstaff of the Little People {spect,
                  | rF++ Int+3}
 19671 | Orc:1    | Entered Level 1 of the Orcish Mines
 19722 | Orc:1    | Received a gift from Nemelex Xobeh
 19807 | Orc:2    | Entered Level 2 of the Orcish Mines
 20410 | Orc:1    | Received a gift from Nemelex Xobeh
 20501 | Orc:1    | Found a bloodstained altar of Trog.
 20662 | Orc:2    | Noticed Josephine
 20767 | Orc:2    | Noticed Nessos
 20794 | Orc:1    | Killed Josephine
 20885 | Orc:2    | Noticed Azrael
 20888 | Orc:2    | Killed Nessos
 21044 | Orc:1    | Reached skill level 5 in Armour
 21494 | D:13     | Reached XP level 15. HP: 96/112 MP: 22/22
 21505 | D:13     | Found a gate to the Vaults.
 21658 | D:13     | Found a gate leading to a gauntlet.
 21706 | Gauntlet | Entered a Gauntlet
 21706 | Gauntlet | Found a transporter.
 21706 | Gauntlet | Received a gift from Nemelex Xobeh
 21707 | Gauntlet | Found a runed translucent gate.
 21709 | Gauntlet | Found a runed translucent gate.
 21710 | Gauntlet | Found a runed translucent gate.
 21715 | Gauntlet | Found a transporter.
 21718 | Gauntlet | Found a transporter.
 21719 | Gauntlet | Found a transporter.
 21727 | Gauntlet | Found a transporter.
 21730 | Gauntlet | Found a transporter.
 21731 | Gauntlet | Found a transporter.
 21735 | Gauntlet | Found a runed translucent door.
 21735 | Gauntlet | Found a runed translucent door.
 21739 | Gauntlet | Found a transporter.
 21742 | Gauntlet | Found a transporter.
 21743 | Gauntlet | Found a transporter.
 21752 | Gauntlet | Found a transporter.
 21754 | Gauntlet | Found a transporter.
 21755 | Gauntlet | Found a transporter.
 21763 | Gauntlet | Found a transporter.
 22091 | Gauntlet | Identified the +0 cloak of Polytheism {rF+}
 22408 | D:13     | Reached skill level 1 in Evocations
 22726 | D:13     | Found Ufayts's Assorted Antiques.
 22746 | D:13     | Bought a scroll labelled ADWUPEASYE for 38 gold pieces
 22752 | D:13     | Bought a pair of slimy boots for 361 gold pieces
 22752 | D:13     | Identified the +0 pair of boots "Trusted Companion"
                  | {Regen+} (You bought it in a shop on level 13 of the
                  | Dungeon)
 23000 | D:14     | Found a transporter.
 23004 | D:14     | Noticed Rem's ghost (journeyman OpCj)
 23005 | D:14     | Found a transporter.
 23223 | D:14     | Found the +3 Elemental Staff {rElec rF+ rC+ AC+3}
 23350 | D:14     | Received a gift from Nemelex Xobeh
 23567 | D:15     | Entered Level 15 of the Dungeon
 23674 | D:15     | Received a gift from Nemelex Xobeh
 23782 | D:15     | Found a staircase to the Depths.
 23807 | D:15     | Reached skill level 16 in Shields
 24974 | Lair:5   | Found a gateway to Hell.
 25233 | Shoals:1 | Entered Level 1 of the Shoals
 25233 | Shoals:1 | Received a gift from Nemelex Xobeh
 25546 | Shoals:1 | Found Teruvith's Antique Armour Shoppe.
 25615 | Shoals:1 | Bought an ichor-stained chain mail for 285 gold pieces
 25615 | Shoals:1 | Identified the +5 chain mail of the Other Side {*Corrode
                  | rElec Str-3 Dex+7} (You bought it in a shop on level 1 of
                  | the Shoals)
 25806 | Shoals:1 | Reached skill level 10 in Fighting
 26019 | Shoals:1 | Received a gift from Nemelex Xobeh
 26109 | Shoals:1 | Reached XP level 16. HP: 122/122 MP: 23/23
 26423 | Shoals:1 | Received a gift from Nemelex Xobeh
 26700 | Shoals:2 | Found Cofus's Weapon Boutique.
 26803 | Shoals:2 | Found Heiloe's Antique Weapon Emporium.
 26991 | Shoals:2 | Reached skill level 5 in Evocations
 27616 | Shoals:3 | Received a gift from Nemelex Xobeh
 27808 | Shoals:3 | Noticed Ilsuiw
 27821 | Shoals:3 | Ilsuiw changed into Ilsuiw the dire elephant
 27821 | Shoals:3 | Noticed Ilsuiw
 27835 | Shoals:3 | Killed Ilsuiw the dire elephant
 28107 | Shoals:3 | Found Fidannoh's Distillery.
 28248 | Shoals:3 | Found Fyxi's Weapon Emporium.
 28266 | Shoals:3 | Found Foelleuh's General Store.
 28277 | Shoals:3 | Bought a box of beasts for 760 gold pieces
 28381 | Shoals:3 | Reached skill level 17 in Shields
 28790 | Shoals:3 | Identified the +9 sling "Q" {antimagic, Int+4 Stlth+}
 28797 | Shoals:3 | Got Hiybbiox's Catalogue of Generative Changes
 28886 | Shoals:4 | Entered Level 4 of the Shoals
 28913 | Shoals:4 | Received a gift from Nemelex Xobeh
 29054 | Shoals:4 | Got a barnacled rune of Zot
 30036 | Shoals:4 | Reached XP level 17. HP: 123/133 MP: 24/24
 30217 | Shoals:4 | Identified the staff of conjuration "Olu Dose" {Str+3}
 30323 | Shoals:4 | Identified the +1 ring mail of the Dice {Will+}
 30394 | Shoals:4 | Found Loewocis's One-of-a-Kind Rings.
 30394 | Shoals:4 | Received a gift from Nemelex Xobeh
 30771 | Shoals:4 | Reached skill level 18 in Shields
 31174 | Vaults:1 | Entered Level 1 of the Vaults
 31177 | Vaults:1 | Noticed Donald
 31191 | Vaults:1 | Killed Donald
 32153 | Spider:1 | Noticed Asterion
 32163 | Spider:1 | Killed Asterion
 32389 | Spider:1 | Noticed Mlioglotl
 32412 | Spider:1 | Killed Mlioglotl
 33147 | Slime:1  | Entered Level 1 of the Pits of Slime
 33147 | Slime:1  | Received a gift from Nemelex Xobeh
 33572 | Slime:1  | Gained mutation: Your magical capacity is low. (-10% MP) [a
                  | shining eye]
 33784 | Slime:1  | Noticed an acid blob
 33820 | Slime:1  | Noticed an acid blob
 33852 | Lair:5   | Killed an acid blob
 34283 | Slime:1  | Noticed an acid blob
 34284 | Slime:1  | Killed an acid blob
 34284 | Slime:1  | Noticed an acid blob
 35076 | Orc:2    | Identified the +0 hand axe of Wotyest {drain, Drain rCorr
                  | Str+7 Int+2}
 35083 | Orc:2    | Killed Azrael
 35114 | Orc:2    | Found a staircase to the Elven Halls.
 35169 | Orc:2    | Found Laqoihor's Mass Market.
 35185 | Orc:2    | Found a shimmering altar of Xom.
 35680 | Orc:2    | Reached XP level 18. HP: 92/143 MP: 23/23
 36101 | Orc:2    | Found Usotsus's Antique Weapon Emporium.
 36101 | Orc:2    | Found Rorero's Armour Emporium.
 36102 | Orc:2    | Found Rizueh's Antique Armour Shoppe.
 36102 | Orc:2    | Found Ekhirran's Antique Armour Emporium.
 36117 | Orc:2    | Bought a smoking chain mail for 209 gold pieces
 36117 | Orc:2    | Identified the +1 chain mail "Piggan" {rElec rN+++ Will-
                  | SInv} (You bought it in a shop on level 2 of the Orcish
                  | Mines)
 36120 | Orc:2    | Bought the +3 scale mail of Going Fast {-Cast rElec rN+++
                  | Int-4} for 501 gold pieces
 36193 | Orc:2    | Bought a +2 tower shield for 231 gold pieces
 36219 | Elf:1    | Entered Level 1 of the Elven Halls
 36394 | Elf:1    | Noticed Frances
 36461 | Elf:1    | Paralysed by a deep elf zephyrmancer for 4 turns
 36511 | Elf:1    | Killed Frances
 36512 | Elf:1    | Reached skill level 5 in Throwing
 36986 | Elf:1    | Received a gift from Nemelex Xobeh
 37008 | Elf:1    | Reached skill level 19 in Shields
 37396 | Abyss:3  | Received a gift from Nemelex Xobeh
 37396 | Abyss:3  | Cast into level 3 of the Abyss (a wizard)
 37421 | Elf:1    | Escaped the Abyss
 40132 | Vaults:1 | Paralysed by a great orb of eyes for 2 turns
 40400 | Vaults:1 | Received a gift from Nemelex Xobeh
 41621 | Vaults:1 | Received a gift from Nemelex Xobeh
 41742 | Vaults:2 | Found Xeuf's Antique Weapon Boutique.
 42007 | Vaults:2 | Noticed Xtahua
 42015 | Vaults:2 | Paralysed by Xtahua for 4 turns
 42031 | Vaults:1 | HP: 3/144 [Xtahua/searing blast (50)]
 42054 | Vaults:1 | Killed Xtahua
 42521 | Vaults:2 | Noticed Mara
 42792 | Slime:1  | Reached XP level 19. HP: 102/150 MP: 24/24
 43057 | Slime:2  | Received a gift from Nemelex Xobeh
 43122 | Slime:2  | Reached skill level 20 in Shields
 43695 | Slime:2  | HP: 3/151 [quicksilver ooze (9)]
 43832 | Shoals:3 | Bought a potion of heal wounds for 55 gold pieces
 43832 | Shoals:3 | Bought a potion of heal wounds for 55 gold pieces
 45535 | Abyss:3  | Cast into level 3 of the Abyss (a deep elf demonologist)
 45542 | Abyss:3  | Gained mutation: You have hidden genetic defects. [a
                  | neqoxec]
 45545 | Abyss:3  | Lost mutation: Your magical capacity is low. (-10% MP)
                  | [potion of mutation]
 45545 | Abyss:3  | Lost mutation: You have hidden genetic defects. [potion of
                  | mutation]
 45545 | Abyss:3  | Gained mutation: Your muscles are strong. (Str +4, Int/Dex
                  | -1) [potion of mutation]
 45567 | Abyss:3  | Gained mutation: You do not regenerate when monsters are
                  | visible. [a neqoxec]
 45568 | Abyss:3  | Identified the +1 long sword of Arrival {venom, Str+3
                  | Int+3}
 45569 | Abyss:3  | Lost intelligence.
 45571 | Abyss:3  | Gained mutation: You are occasionally teleported next to
                  | monsters. [a neqoxec]
 45572 | Abyss:3  | Lost mutation: You are occasionally teleported next to
                  | monsters. [potion of mutation]
 45572 | Abyss:3  | Lost mutation: Your muscles are strong. (Str +4, Int/Dex
                  | -1) [potion of mutation]
 45572 | Abyss:3  | Lost mutation: You do not regenerate when monsters are
                  | visible. [potion of mutation]
 45991 | Abyss:4  | Found a corrupted altar of Lugonu.
 46139 | Abyss:4  | Lost intelligence.
 46202 | Elf:2    | Escaped the Abyss
 46204 | Elf:2    | Reached skill level 15 in Dodging
 46204 | Elf:2    | Reached skill level 10 in Stealth
 46684 | Elf:2    | Received a gift from Nemelex Xobeh
 46719 | Elf:2    | Found Myd Xijo's Book Boutique.
 46901 | Elf:2    | Paralysed by an air elemental for 1 turns
 46943 | Elf:2    | Paralysed by an air elemental for 1 turns
 46949 | Elf:2    | Paralysed by an air elemental for 1 turns
 46962 | Elf:2    | Reached skill level 21 in Shields
 47241 | Elf:2    | Paralysed by an air elemental for 1 turns
 47255 | Elf:2    | Found a runed translucent gate.
 47264 | Elf:2    | Found a runed translucent gate.
 47270 | Elf:2    | Found a runed translucent gate.
 47673 | Elf:3    | Entered Level 3 of the Elven Halls
 47800 | Elf:3    | Noticed Louise
 47878 | Elf:2    | Louise changed into Louise the great orb of eyes
 47878 | Elf:2    | Noticed Louise
 47883 | Elf:2    | Killed Louise the great orb of eyes
 48053 | Elf:2    | HP: 7/153 [deep elf blademaster/+0 rapier (4)]
 48553 | Elf:3    | Received a gift from Nemelex Xobeh
 48595 | Elf:2    | Reached XP level 20. HP: 114/160 MP: 28/28
 48751 | Abyss:4  | Cast into level 4 of the Abyss (a deep elf sorcerer)
 48802 | Abyss:4  | Found a corrupted altar of Lugonu.
 48892 | Abyss:4  | Noticed an ancient lich
 48899 | Abyss:4  | HP: 6/160 [ancient lich/bolt of acid (15)]
 48899 | Abyss:4  | HP: 1/160 [constriction (5)]
 48899 | Abyss:4  | Slain by an ancient lich

Illustrated notes

Levels and vault maps discovered:
D:1:      enne_arrival_octagon_isle, layout_rooms
D:2:      layout_basic, basic_altar, nrook_loot_triangle, uniq_sigmund,
          uniq_robin
D:3:      layout_basic
D:4:      layout_gridville, nzn_hepliaklqana_mist_gate,
          hangedman_decor_peaks_small
D:5:      layout_loops_corners
D:6:      nicolae_cairo_tiling_large, layout_layer_cave, amcnicky_altar_gilded,
          mainiacjoe_overflow_large_starburst
D:7:      layout_gridville, minmay_temple_entry_enclosed_plants, enter_bailey_4,
          uniq_menkaure, uniq_prince_ribbit1
D:8:      layout_basic, nicolae_ru_awakened_eye, enter_ossuary_2
D:9:      layout_gridville, nicolae_wu_jian_wuxing_cycle,
          minmay_hollow_rounded_squares
D:10:     layout_stronghold, orc_0_dummy
D:11:     layout_loops_ring, lair_entry_dummy, serial_shops,
          nicolae_shop_hallway_plus, laboratory, uniq_gastronok
D:12:     layout_cave_pools, nrook_campfire
D:13:     layout_irregular_city, david_vaults_4, serial_shops, shop,
          gauntlet_entry_generic
D:14:     layout_basic, reono_crystal_passage, gammafunk_ghost_mausoleum
D:15:     grunt_enter_depths_giant_problem, layout_loops_ring, hex_tiny,
          nicolae_titane
Temple:   eino_temple_scatter_basement
Lair:1:   layout_cave_shapes, beast_lair_carwin_8
Lair:2:   layout_hall_layers, shoals_dummy_entry, grunt_megastairs_4,
          serial_bayou_shore_a
Lair:3:   layout_cave_pods, nicolae_spider_entry_lesser_pyramids,
          lightli_volcano_entry_magma_tube, uniq_rupert
Lair:4:   layout_hall_layers, grunt_forest_large_clearings
Lair:5:   evil_forest, layout_gridlike, slime_entry_1, lemuel_old_faithful,
          serial_bayou_shore_b, uniq_sonja
Shoals:1: layout_shoals, serial_shops, nicolae_shop_waterfront,
          nicolae_shoals_water_elemental_grotto
Shoals:2: layout_shoals, serial_shops, nicolae_shop_crystal,
          nicolae_shop_just_a_little_nook
Shoals:3: layout_shoals, serial_shops, nicolae_shop_industrial_runoff,
          nicolae_lakefront_shop, nicolae_shop_bloodbath_and_beyond,
          nicolae_shoals_enchanted_isle, uniq_ilsuiw
Shoals:4: shoals_end_simple, layout_shoals, nicolae_shop_unique_rings
Spider:1: layout_cave_pods, nicolae_spider_twisty_arc_passages, uniq_asterion,
          uniq_mlioglotl
Slime:1:  layout_caves, special_room [special_room_jelly],
          cheibrodos_slime_lost_civilization_7
Slime:2:  layout_caves
Orc:1:    layout_caves, trog_butcher_becter
Orc:2:    st_orc_pillars, layout_caves, basic_altar, minmay_shop_mass,
          uniq_josephine, uniq_azrael, uniq_nessos
Elf:1:    minmay_elf_arrival_summoners, layout_loops_cross,
          hangedman_elf_disciples, due_unseen_surprise, uniq_frances
Elf:2:    nicolae_elf_blades_splatter_lattice
          [nicolae_blade_entry_floor_patterns], layout_gridlike, serial_shops,
          shop
Elf:3:    grunt_elf_hall_branching, layout_rooms, serial_shops, shop,
          uniq_louise
Vaults:1: vaults_mumra_hex, ontoclasm_vaults_loading_screen,
          hangedman_vaults_unwind, nicolae_vaults_mitosis, v_pattern_5,
          v_rooms_5, hangedman_vaults_capsules, nicolae_vaults_diamond_2,
          v_misc_15, nicolae_vaults_gold_heap, v_misc_16,
          nicolae_vaults_crenellated_ambush, vaults_dpeg_emergency_exit,
          layout_vaults_quadrants, uniq_donald
Vaults:2: nicolae_vaults_storage_room_doors, minmay_crypt_entry_simple_plaza,
          nicolae_vaults_cochlea, nicolae_vaults_ring_of_whatevers,
          nicolae_vaults_network_star, v_alt_pattern_6, hangedman_vaults_locks,
          nicolae_vaults_doubleplus_tesselated, nicolae_vaults_border_crossing,
          v_pattern_2, nicolae_vaults_meeting, nicolae_vaults_house_3,
          vaults_dpeg_diagonal, layout_vaults_omnicross, serial_shops, shop,
          uniq_xtahua, uniq_mara
Abyss:4:  base: D:3, spicy_abyss_rude_harpoons, doesnt_abyss_rune_brain_food,
          lemuel_flamethrower_2, grunt_abyss_rune_wretched_hive, base: D:7,
          due_evilmike_abyss_rune_seething_liches,
          due_evilmike_abyss_rune_seething_liches, minivault_1

Skill      XL: |  1  2  3  4  5  6  7  8  9 10 11 12 13 14 15 16 17 18 19 |
---------------+----------------------------------------------------------+-----
Long Blades    | 4 5 6 7 8 9 10 11 12 13 | 13.5
Fighting       | 4 5 6 7 8 10 12 13 14 | 14.6
Dodging        | 5 6 7 8 9 10 11 12 13 14 15 | 15.3
Stealth        | 1 2 3 4 5 6 7 8 9 10 | 10.0
Armour         | 1 2 3 4 5 6 7 8 |  8.4
Shields        | 1 2 5 7 9 10 12 14 15 16 17 18 19 21 | 21.5
Invocations    | 4 6 8 10 11 | 11.1
Throwing       | 1 2 4 6 |  6.4
Short Blades   | 6 7 |  7.2
Evocations     | 4 6 8 9 |  9.3

Action                     |  1- 3 |  4- 6 |  7- 9 | 10-12 | 13-15 | 16-18 | 19-21 || total
---------------------------+-------+-------+-------+-------+-------+-------+-------++-------
  Melee: Falchion          |   101 |   103 |   460 |   347 |       |       |       ||  1011
         Tailslap          |       |       |     1 |    17 |    28 |    55 |       ||   101
         Dagger            |       |       |       |   829 |   373 |       |       ||  1202
         Scimitar          |       |       |       |       |   953 |  1810 |   793 ||  3556
   Fire: Sling             |       |       |       |       |     1 |       |       ||     1
  Throw: Dart              |     4 |     2 |     5 |     8 |     3 |       |       ||    22
         Javelin           |     1 |     2 |       |       |       |     5 |     1 ||     9
         Boomerang         |       |       |       |       |     4 |     3 |       ||     7
 Invoke: Draw Destruction  |       |       |       |     4 |    19 |    19 |    16 ||    58
         Draw Summoning    |       |       |       |     2 |     5 |    13 |    13 ||    33
         Stack Five        |       |       |       |       |     1 |       |       ||     1
         Draw Escape       |       |       |       |       |       |     9 |     7 ||    16
         Deal Four         |       |       |       |       |       |     1 |     2 ||     3
  Evoke: Piece from Xom's  |       |       |       |     2 |       |       |       ||     2
         Wand              |       |       |       |       |     4 |     1 |       ||     5
         Phial of floods   |       |       |       |       |       |     1 |       ||     1
         Lightning rod     |       |       |       |       |       |     1 |       ||     1
    Use: Scroll            |       |       |    11 |     4 |    10 |     4 |     8 ||    37
         Potion            |       |       |       |       |     5 |     8 |    17 ||    30
   Stab: Sleeping          |       |     3 |    24 |    15 |    36 |    14 |     1 ||    93
         Distracted        |       |     1 |     4 |     3 |     4 |     4 |     3 ||    19
         Paralysed         |       |       |       |       |       |       |     2 ||     2
 Armour: Leather armour    |    32 |    31 |    78 |    13 |       |       |       ||   154
         Robe              |     4 |       |       |       |       |       |       ||     4
         Troll leather arm |       |       |       |    26 |       |       |       ||    26
         Ring mail         |       |       |       |   148 |    96 |       |       ||   244
         Scale mail        |       |       |       |       |   124 |   384 |   224 ||   732
  Dodge: Dodged            |    92 |    75 |   149 |   275 |   367 |   622 |   259 ||  1839
  Block: Buckler           |    15 |    24 |    19 |       |       |       |       ||    58
         Tower shield      |       |       |   367 |  1174 |  1624 |  2381 |   969 ||  6515
         Reflection        |       |       |     1 |    20 |    45 |   129 |    57 ||   252
